AoeStats
← Janko_22

Arena

508724161Analyzed
3v3 RM · 8d ago on Sep 23, 2026· 55m 22s· 6 players
Game mode
Random Map
Map size
Normal (6 player)
Population
200
Speed
Normal
Resources
Standard
Victory
Conquest
Starting age
Dark Age
Ending age
Imperial Age
RankedLock teamsTeams togetherTeam positionsShared explorationLock speedFull tech treeHidden civsTurbo modeCheats
Victory
Defeat
🇱🇻 Varangians · Latvia
873
+12
🇸🇪 Italians · Sweden
756
+17
🇩🇪 Romans · Germany
698
+19
🇨🇱 Muisca · Chile
893
-22
🇨🇱 Magyars · Chile
783
-27
🇨🇱 Inca · Chile
634
-10
Janko_22
4:03 Loom
11:49 Feudal Age
12:45 Double-Bit Axe
15:50 Wheelbarrow
17:50 Town Watch
20:39 Castle Age
19:15 Scale Mail Armor
19:27 Forging
20:26 Horse Collar
22:09 Bow Saw
23:07 Husbandry
23:23 Bloodlines
25:56 Iron Casting
25:27 Scale Barding Armor
25:23 Gold Mining
26:52 Husbandry
29:10 Hand Cart
29:06 Heavy Plow
37:42 Imperial Age
35:27 Squires
37:02 Chain Mail Armor
37:12 Man-at-Arms
37:54 Long Swordsman
40:11 Chain Barding Armor
40:52 Legionary
43:44 Ballistics
44:26 Chemistry
43:23 Murder Holes
44:44 Caravan
45:56 Ballistas
48:37 Blast Furnace
48:51 Conscription
49:12 Town Patrol
51:01 Plate Barding Armor
50:26 Padded Archer Armor
50:34 Heavy Scorpion
rani
12:30 Feudal Age
16:18 Castle Age
20:44 Fletching
25:09 Padded Archer Armor
44:39 Bodkin Arrow
44:59 Leather Archer Armor
48:59 Scale Barding Armor
AjeziSajirava
0:33 Loom
10:13 Feudal Age
14:21 Castle Age
12:52 Double-Bit Axe
13:28 Horse Collar
20:58 Heavy Plow
25:01 Gold Mining
28:57 Imperial Age
26:54 Bloodlines
26:45 Husbandry
27:15 Bow Saw
27:27 Squires
27:13 Arson
27:57 Scale Mail Armor
28:08 Forging
28:45 Wheelbarrow
28:56 Chain Mail Armor
28:34 Fletching
29:21 Scale Barding Armor
28:52 Elite Skirmisher
29:22 Elite Varangian Guard
31:16 Iron Casting
30:29 Cavalier
32:59 Chain Barding Armor
32:30 Capped Ram
34:17 Chemistry
33:38 Ballistics
33:30 Masonry
33:47 Conscription
33:57 Heavy Mounted Crossbowman
34:09 Cranequins
35:22 Bodkin Arrow
35:28 Padded Archer Armor
36:07 Bracer
36:39 Plate Mail Armor
36:27 Caravan
37:16 Leather Archer Armor
36:51 Vendel Legacy
39:47 Gothikon
43:11 Pikeman
45:08 Ring Archer Armor
46:21 Blast Furnace
46:32 Plate Barding Armor
45:23 Light Cavalry
47:04 Halberdier
51:49 Siege Ram
lerbismancillag
0:29 Loom
11:53 Feudal Age
16:23 Castle Age
14:25 Horse Collar
15:11 Champi Runner
15:40 Double-Bit Axe
17:48 Champi Warrior
24:08 Fletching
24:19 Padded Archer Armor
25:23 Squires
26:07 Stone Mining
32:12 Heavy Plow
38:36 Wheelbarrow
37:47 Town Watch
41:09 Imperial Age
40:35 Forging
41:08 Hand Cart
45:26 Bodkin Arrow
45:46 Leather Archer Armor
46:01 Gold Mining
46:40 Conscription
49:33 Iron Casting
54:19 Bracer
Gonzaga
2:04 Loom
12:12 Feudal Age
12:50 Town Watch
12:49 Horse Collar
12:56 Double-Bit Axe
14:28 Champi Runner
15:30 Gold Mining
23:48 Castle Age
23:49 Stone Mining
24:18 Forging
25:04 Heavy Plow
25:16 Bow Saw
25:05 Champi Warrior
26:46 Pikeman
27:42 Fletching
28:23 Squires
27:47 Crossbowman
30:19 Wheelbarrow
31:00 Scale Mail Armor
36:38 Imperial Age
35:31 Padded Archer Armor
36:00 Hand Cart
38:49 Chemistry
41:00 Crop Rotation
39:54 Elite Skirmisher
40:50 Fortified Wall
42:23 Thumb Ring
43:06 Iron Casting
43:32 Halberdier
43:56 Elite Champi Warrior
44:44 Elite Champi Warrior
46:09 Halberdier
camilo.tuma.tuma
0:36 Loom
14:09 Feudal Age
16:49 Horse Collar
16:58 Double-Bit Axe
17:12 Gold Mining
19:29 Wheelbarrow
24:04 Castle Age
22:29 Scale Barding Armor
22:41 Scale Mail Armor
22:52 Padded Archer Armor
22:44 Fletching
22:48 Stone Mining
23:58 Man-at-Arms
24:24 Arson
24:51 Heavy Plow
25:27 Bow Saw
26:40 Gold Shaft Mining
27:14 Hand Cart
31:37 Corvinian Army
31:36 Treadmill Crane
32:23 Ballistics
34:46 Imperial Age
36:05 Conscription
37:02 Chain Barding Armor
37:47 Chemistry
38:49 Plate Barding Armor
38:14 Bodkin Arrow
38:35 Leather Archer Armor
38:50 Thumb Ring
43:36 Recurve Bow
45:49 Parthian Tactics
48:00 Husbandry
48:12 Bloodlines
47:33 Cavalier
47:53 Elite Magyar Huszar
51:17 Elite Magyar Huszar
51:29 Cavalier
51:47 Pikeman
53:22 Elite Skirmisher
Connection lost

Rejoining the realm…

Still unreachable

The connection could not be restored.

Session expired

The server has moved on; the page needs a fresh start.